PBL
YORK REVOLUTION @ HAMILTON CARDINALS
10/05/2045
 
TOP OF THE 1ST
York Revolution batting - Pitching for Winnipeg Goldeyes : RHP Joe Pattullo
Pitching: RHP Joe Pattullo
Batting: LHB Ignacio Bernal 0-0: Foul Ball, location: 2F
0-1: Ball
1-1: Ground out 3-1 (Groundball, 34, EV 93.1 MPH)
Batting: LHB Jian-ying Huang 0-0: Fly out, F8 (Flyball, 89D, EV 96.3 MPH)
Batting: LHB Marvin Marroquin 0-0: Foul Ball, location: 2F
0-1: Swinging Strike
0-2: Strikes out swinging
Top of the 1st over - 0 runs, 0 hits, 0 errors, 0 left on base; York 0 - Winnipeg 0
BOTTOM OF THE 1ST
Winnipeg Goldeyes batting - Pitching for York Revolution : RHP Dave Valentin
Pitching: RHP Dave Valentin
Batting: RHB Bubba Ryle 0-0: Ball
1-0: SINGLE (Groundball, 4S, EV 63.1 MPH) (infield hit)
Batting: RHB Shane Thomas 0-0: Called Strike
0-1: Ball
1-1: Ball
Bubba Ryle is caught stealing 2nd base 2-4
2-1: Foul Ball, location: 2F
2-2: Ground out 5-3 (Groundball, 5, EV 85.6 MPH)
Batting: RHB Claudio Wolfs 0-0: Called Strike
0-1: Ball
1-1: Swinging Strike
1-2: SINGLE (Flyball, 8LS, EV 88.8 MPH)
Batting: RHB Robby Bell 0-0: Ball
1-0: Foul Ball, location: 2F
1-1: Foul Ball, location: 2F
1-2: 2-RUN HOME RUN (Flyball, 7D, EV 102.5 MPH), Distance : 392 ft
Batting: RHB Brenden Hindle 0-0: Ball
1-0: Foul Ball, location: 2F
1-1: Ball
2-1: Foul Ball, location: 2F
2-2: Ground out 6-3 (Groundball, 6, EV 106.9 MPH)
Bottom of the 1st over - 2 runs, 3 hits, 0 errors, 0 left on base; York 0 - Winnipeg 2
TOP OF THE 2ND
York Revolution batting - Pitching for Winnipeg Goldeyes : RHP Joe Pattullo
Batting: RHB Andrew Korman 0-0: Foul Ball, location: 2F
0-1: Foul Ball, location: 2F
0-2: Foul Ball, location: 2F
0-2: Ball
1-2: Ball
2-2: Strikes out swinging
Batting: SHB Jon Rader 0-0: Called Strike
0-1: Called Strike
0-2: Ball
1-2: Strikes out looking
Batting: RHB Toshiaki Oishi 0-0: Called Strike
0-1: Swinging Strike
0-2: Ball
1-2: Strikes out looking
Top of the 2nd over - 0 runs, 0 hits, 0 errors, 0 left on base; York 0 - Winnipeg 2
BOTTOM OF THE 2ND
Winnipeg Goldeyes batting - Pitching for York Revolution : RHP Dave Valentin
Batting: RHB Bob Staley 0-0: Ball
1-0: Ball
2-0: Called Strike
2-1: Ball
3-1: Fly out, F8 (Flyball, 8LXD, EV 91.9 MPH)
Batting: RHB Brent van Oirschot 0-0: Swinging Strike
0-1: Ground out 4-3 (Groundball, 4S, EV 68.1 MPH)
Batting: RHB Jaquan Cross 0-0: Ball
1-0: Ball
2-0: Called Strike
2-1: Ground out 6-3 (Groundball, 6, EV 88.8 MPH)
Bottom of the 2nd over - 0 runs, 0 hits, 0 errors, 0 left on base; York 0 - Winnipeg 2
TOP OF THE 3RD
York Revolution batting - Pitching for Winnipeg Goldeyes : RHP Joe Pattullo
Batting: RHB Matt League 0-0: SINGLE (Line Drive, 4D, EV 100.0 MPH)
Batting: RHB Pat Schoener 0-0: Called Strike
0-1: Ball
1-1: Ball
2-1: Foul Ball, location: 2F
2-2: Foul Ball, location: 2F
2-2: Strikes out looking
Batting: SHB Nick Bortner 0-0: Called Strike
Matt League is caught stealing 2nd base 2-6
0-1: Ball
1-1: Ball
2-1: Called Strike
2-2: Strikes out swinging
Top of the 3rd over - 0 runs, 1 hit, 0 errors, 0 left on base; York 0 - Winnipeg 2
BOTTOM OF THE 3RD
Winnipeg Goldeyes batting - Pitching for York Revolution : RHP Dave Valentin
Batting: RHB Roy Laska 0-0: DOUBLE (Flyball, 8RD, EV 107.5 MPH)
Batting: RHB Bubba Ryle 0-0: Ball
1-0: Ball
2-0: Ground out 5-3 (Groundball, 56, EV 100.0 MPH)
Batting: RHB Shane Thomas 0-0: Called Strike
0-1: Swinging Strike
0-2: Strikes out swinging
Batting: RHB Claudio Wolfs 0-0: Called Strike
0-1: Ball
1-1: Foul Ball, location: 2F
1-2: Fly out, F7 (Flyball, 7LM, EV 76.9 MPH)
Bottom of the 3rd over - 0 runs, 1 hit, 0 errors, 1 left on base; York 0 - Winnipeg 2
TOP OF THE 4TH
York Revolution batting - Pitching for Winnipeg Goldeyes : RHP Joe Pattullo
Batting: LHB Ignacio Bernal 0-0: Called Strike
0-1: Fly out, F8 (Line Drive, 8LD, EV 86.3 MPH)
Batting: LHB Jian-ying Huang 0-0: DOUBLE (Line Drive, 3D, EV 99.4 MPH)
Batting: LHB Marvin Marroquin 0-0: Ball
1-0: Ball
2-0: Ball
3-0: Base on Balls
Batting: RHB Andrew Korman 0-0: Called Strike
0-1: Ball
1-1: Ball
2-1: Ball
3-1: Foul Ball, location: 2F
3-2: Base on Balls
Jian-ying Huang to third
Marvin Marroquin to second
Batting: SHB Jon Rader 0-0: Ball
1-0: Ball
2-0: Ball
3-0: Called Strike
3-1: Swinging Strike
3-2: Foul Ball, location: 2F
3-2: Fly out, F8 (Line Drive, 78M, EV 101.3 MPH)
Runner from 3rd tags up, SCORES, no throw by CF
Batting: RHB Toshiaki Oishi 0-0: Ball
1-0: Called Strike
1-1: Called Strike
1-2: Ball
2-2: SINGLE (Line Drive, 7S, EV 94.4 MPH)
Marvin Marroquin to third
Andrew Korman to second
Runner from 3rd tries for Home, throw by LF and OUT! 7-2
Top of the 4th over - 1 run, 2 hits, 0 errors, 2 left on base; York 1 - Winnipeg 2
BOTTOM OF THE 4TH
Winnipeg Goldeyes batting - Pitching for York Revolution : RHP Dave Valentin
Batting: RHB Robby Bell 0-0: Ball
1-0: Ball
2-0: Fly out, F8 (Flyball, 8LD, EV 93.8 MPH)
Batting: RHB Brenden Hindle 0-0: Called Strike
0-1: Ball
1-1: Ball
2-1: Ball
3-1: Fly out, F8 (Flyball, 8LD, EV 93.8 MPH)
Batting: RHB Bob Staley 0-0: Called Strike
0-1: Called Strike
0-2: Ball
1-2: Ground out 6-3 (Groundball, 6, EV 75.6 MPH)
Bottom of the 4th over - 0 runs, 0 hits, 0 errors, 0 left on base; York 1 - Winnipeg 2
TOP OF THE 5TH
York Revolution batting - Pitching for Winnipeg Goldeyes : RHP Joe Pattullo
Batting: RHB Matt League 0-0: Ball
1-0: Ground out 6-3 (Groundball, 6, EV 83.1 MPH)
Batting: RHB Pat Schoener 0-0: Ball
1-0: Called Strike
1-1: Ball
2-1: Ground out 4-3 (Groundball, 4M, EV 105.6 MPH)
Batting: SHB Nick Bortner 0-0: Ground out 5-3 (Groundball, 56S, EV 70.6 MPH)
Top of the 5th over - 0 runs, 0 hits, 0 errors, 0 left on base; York 1 - Winnipeg 2
BOTTOM OF THE 5TH
Winnipeg Goldeyes batting - Pitching for York Revolution : RHP Dave Valentin
Batting: RHB Brent van Oirschot 0-0: Foul Ball, location: 2F
0-1: Ball
1-1: Foul Ball, location: 2F
1-2: Strikes out swinging
Batting: RHB Jaquan Cross 0-0: Ball
1-0: Called Strike
1-1: Ball
2-1: SOLO HOME RUN (Flyball, 7D, EV 105.6 MPH), Distance : 389 ft
Batting: RHB Roy Laska 0-0: Called Strike
0-1: Fly out, F7 (Flyball, 7LM, EV 98.8 MPH)
Batting: RHB Bubba Ryle 0-0: Foul Ball, location: 2F
0-1: Ground out 4-3 (Groundball, 4MD, EV 101.9 MPH)
Bottom of the 5th over - 1 run, 1 hit, 0 errors, 0 left on base; York 1 - Winnipeg 3
TOP OF THE 6TH
York Revolution batting - Pitching for Winnipeg Goldeyes : RHP Joe Pattullo
Batting: LHB Ignacio Bernal 0-0: Fly out, F8 (Flyball, 78D, EV 95.6 MPH)
Batting: LHB Jian-ying Huang 0-0: Called Strike
0-1: Ball
1-1: Ball
2-1: Swinging Strike
2-2: Strikes out looking
Batting: LHB Marvin Marroquin 0-0: Called Strike
0-1: Swinging Strike
0-2: Ball
1-2: Strikes out swinging
Top of the 6th over - 0 runs, 0 hits, 0 errors, 0 left on base; York 1 - Winnipeg 3
BOTTOM OF THE 6TH
Winnipeg Goldeyes batting - Pitching for York Revolution : RHP Dave Valentin
Batting: RHB Shane Thomas 0-0: Called Strike
0-1: SOLO HOME RUN (Flyball, 78XD, EV 98.1 MPH), Distance : 450 ft
Batting: RHB Claudio Wolfs 0-0: Ball
1-0: Called Strike
1-1: Foul Ball, location: 2F
1-2: Ball
2-2: Fly out, F9 (Flyball, 9S, EV 83.1 MPH)
Batting: RHB Robby Bell 0-0: Ball
1-0: Fly out, F9 (Line Drive, 9D, EV 111.3 MPH)
Batting: RHB Brenden Hindle 0-0: Ball
1-0: Fly out, F7 (Flyball, 78M, EV 77.5 MPH)
Bottom of the 6th over - 1 run, 1 hit, 0 errors, 0 left on base; York 1 - Winnipeg 4
TOP OF THE 7TH
York Revolution batting - Pitching for Winnipeg Goldeyes : RHP Joe Pattullo
Batting: RHB Andrew Korman 0-0: Called Strike
0-1: Ball
1-1: Foul Ball, location: 2F
1-2: Ball
2-2: Ball
3-2: Foul Ball, location: 2F
3-2: Fly out, F3 (Popup, 3F, EV 62.5 MPH)
Batting: SHB Jon Rader 0-0: Called Strike
0-1: Ball
1-1: Foul Ball, location: 2F
1-2: Ball
2-2: Fly out, F6 (Popup, 6MS, EV 71.9 MPH)
Batting: RHB Toshiaki Oishi 0-0: Foul Ball, location: 2F
0-1: Ball
1-1: Called Strike
1-2: Strikes out looking
Top of the 7th over - 0 runs, 0 hits, 0 errors, 0 left on base; York 1 - Winnipeg 4
BOTTOM OF THE 7TH
Winnipeg Goldeyes batting - Pitching for York Revolution : RHP Dave Valentin
Batting: RHB Bob Staley 0-0: Ball
1-0: Ball
2-0: Fly out, F4 (Popup, 4S, EV 64.4 MPH)
Batting: RHB Brent van Oirschot 0-0: Fly out, F8 (Line Drive, 8RM, EV 88.8 MPH)
Batting: RHB Jaquan Cross 0-0: Ball
1-0: Swinging Strike
1-1: Foul Ball, location: 2F
1-2: Strikes out swinging
Bottom of the 7th over - 0 runs, 0 hits, 0 errors, 0 left on base; York 1 - Winnipeg 4
TOP OF THE 8TH
York Revolution batting - Pitching for Winnipeg Goldeyes : RHP Joe Pattullo
Batting: RHB Matt League 0-0: Fly out, F9 (Flyball, 9LMF, EV 83.8 MPH)
Batting: RHB Pat Schoener 0-0: Called Strike
0-1: Ball
1-1: Called Strike
1-2: Ball
2-2: Foul Ball, location: 2F
2-2: Strikes out looking
Batting: SHB Nick Bortner 0-0: Foul Ball, location: 2F
0-1: Swinging Strike
0-2: Ball
1-2: Ball
2-2: Foul Ball, location: 2F
2-2: Strikes out swinging
Top of the 8th over - 0 runs, 0 hits, 0 errors, 0 left on base; York 1 - Winnipeg 4
BOTTOM OF THE 8TH
Winnipeg Goldeyes batting - Pitching for York Revolution : RHP Dave Valentin
Batting: RHB Roy Laska 0-0: Ball
1-0: Foul Ball, location: 2F
1-1: Ground out 4-3 (Groundball, 4, EV 90.0 MPH)
Batting: RHB Bubba Ryle 0-0: Fly out, F7 (Flyball, 7S, EV 89.4 MPH)
Batting: RHB Shane Thomas 0-0: Called Strike
0-1: Ball
1-1: Ball
2-1: Foul Ball, location: 2F
2-2: Ground out 4-3 (Groundball, 4, EV 102.5 MPH)
Bottom of the 8th over - 0 runs, 0 hits, 0 errors, 0 left on base; York 1 - Winnipeg 4
TOP OF THE 9TH
York Revolution batting - Pitching for Winnipeg Goldeyes : RHP Joe Pattullo
Pitching: RHP Jay Brumfield
Batting: LHB Ignacio Bernal 0-0: Ball
1-0: Ball
2-0: Ball
3-0: Base on Balls
Batting: LHB Jian-ying Huang 0-0: Ball
1-0: Called Strike
1-1: Ball
2-1: Fly out, F5 (Popup, 25, EV 82.5 MPH)
Batting: LHB Marvin Marroquin 0-0: Ball
1-0: Ball
2-0: Foul Ball, location: 2F
2-1: Called Strike
2-2: Foul Ball, location: 2F
2-2: Ball
3-2: Base on Balls
Ignacio Bernal to second
Batting: RHB Andrew Korman 0-0: Ball
1-0: Fly out, F7 (Flyball, 7LMF, EV 102.5 MPH)
Pinch Hitting: LHB Alex Hill 0-0: Called Strike
0-1: Ball
1-1: Called Strike
1-2: Ball
2-2: Fly out, F4 (Popup, 3D, EV 51.3 MPH)
Top of the 9th over - 0 runs, 0 hits, 0 errors, 2 left on base; York 1 - Winnipeg 4
Wednesday, June 22nd , 2022 - OOTP Baseball 23.4 Build 64